 Dungeon Crawl Stone Soup version 0.21.1-1-g345015f (webtiles) character file.

350 prawnwizard the Insei (level 6, -3/38 HPs)
             Began as an Octopode Transmuter on July 22, 2018.
             Slain by an ooze (5 damage)
             ... on level 4 of the Dungeon.
             The game lasted 00:03:26 (2255 turns).

prawnwizard the Insei (Octopode Transmuter)         Turns: 2255, Time: 00:03:26

Health: -3/38      AC:  1    Str:  9    XL:     6   Next: 61%
Magic:  7/10       EV: 14    Int: 16    God:
Gold:   161        SH:  0    Dex: 14    Spells: 1/11 levels left

rFire    . . .     SeeInvis .     - Unarmed
rCold    . . .     Gourm    .   (no shield)
rNeg     . . .     Faith    .   (helmet restricted)
rPois    +         Spirit   .   (no amulet)
rElec    .         Reflect  .   q - ring of poison resistance
rCorr    .         Harm     .   (no ring)
MR       .....                  (no ring)
Stlth    ++........             (no ring)
HPRegen  0.12/turn              (no ring)
MPRegen  0.12/turn              (no ring)
                                (no ring)
                                (no ring)

@: very slightly contaminated
A: almost no armour, stealthy swim, amphibious, 8 rings, constrict 8, camouflage
1, gelatinous body 1
a: no special abilities


You were on level 4 of the Dungeon.
You were not hungry.

You visited 1 branch of the dungeon, and saw 4 of its levels.

You collected 161 gold pieces.

Inventory:

Missiles
 a - 88 arrows
Jewellery
 q - a ring of poison resistance (left tentacle)
Scrolls
 d - 2 scrolls of immolation {unknown}
 e - 2 scrolls of enchant armour {unknown}
 f - a scroll of random uselessness {unknown}
 g - 3 scrolls of teleportation {unknown}
 h - 8 scrolls of identify {unknown}
 k - 2 scrolls of remove curse {unknown}
 m - a scroll of noise {unknown}
 r - 2 scrolls of amnesia {unknown}
 t - a scroll of fear {unknown}
Potions
 i - a potion of resistance {unknown}
 j - 2 potions of magic {unknown}
 l - a potion of invisibility {unknown}
 n - 2 potions of flight {unknown}
 p - a potion of ambrosia {unknown}
 s - 2 potions of curing {unknown}
Books
 b - a book of Changes

   Spells                             Type                      Level
   a - Beastly Appendage              Transmutation                1
   b - Sticks to Snakes               Transmutation                2
   c - Spider Form                    Transmutation/Poison         3
   d - Ice Form                       Ice/Transmutation            4
   e - Blade Hands                    Transmutation                5
Comestibles
 c - 5 rations
 o - 3 chunks of flesh


   Skills:
 - Level 1.0 Fighting
 + Level 3.4 Dodging
 * Level 5.0 Unarmed Combat
 + Level 3.2 Spellcasting
 + Level 3.4 Transmutations


You had one spell level left.
You knew the following spells:

 Your Spells              Type           Power        Failure   Level  Hunger
a - Beastly Appendage     Tmut           ##....       4%          1    None
b - Sticks to Snakes      Tmut           ##......     7%          2    ##.....
c - Spider Form           Tmut/Pois      #.........   26%         3    ###....
d - Ice Form              Ice/Tmut       #.......     65%         4    ####...


Dungeon Overview and Level Annotations

Branches:
Dungeon (4/15)             Temple (0/1) D:4

Altars:
Ru


Innate Abilities, Weirdness & Mutations

You cannot wear most types of armour.
You are very stealthy in the water. (Stealth+)
You are amphibious.
You can wear up to eight rings at the same time.
You can use your tentacles to constrict eight enemies at once.
Your skin changes colour to match your surroundings (Stealth+).
Your rubbery body absorbs attacks. (AC +1, EV +1)


Message History

You miscast Spider Form.
You are very lightly contaminated with residual magic.
You feel mildly nauseous. The ooze hits you.
The orc wizard hits you with a dagger. x2
* * * LOW HITPOINT WARNING * * *
The orc wizard barely misses you.
The orc wizard gestures wildly while chanting.
The orc wizard blinks!
The orc wizard gestures at you while chanting.
The magic dart hits you!
* * * LOW HITPOINT WARNING * * *
The orc wizard hits you with a dagger.
* * * LOW HITPOINT WARNING * * *
The orc wizard gestures wildly while chanting.
The orc wizard flickers and vanishes!
Deactivating autopickup; reactivate with Ctrl-A.
The orc wizard closely misses you.
There is a staircase to the Ecumenical Temple here.
The ooze hits you.
You die...

..#.##.. ...
.............
#.#.##.##....
#.#.##<# #..#
###.#.##.###..#
#......(.......
#####..######......
...###..{#..#
###....
.......@J...# #....
.......ooO..# #....
......%..o..# #....
#######.##(o# #....
#.........# ##...
##................
#....###....##...
#.#.## ... #...
#.... .. ....


You could see an ogre, 2 orc wizards, an ooze and 2 orcs.

Vanquished Creatures
  Sigmund (D:2)
  A bullfrog skeleton (D:4)
  An orc wizard (D:2)
  A worker ant (D:4)
  5 adders
  2 worms (D:2)
  2 dart slugs (D:2)
  3 leopard geckos
  An orc (D:3)
  A ball python (D:3)
  7 giant cockroaches
  9 goblins
  4 hobgoblins
  8 bats
  7 frilled lizards
  5 kobolds
  6 rats
64 creatures vanquished.

Notes
Turn   | Place    | Note
-------+----------+-------------------------------------------
     0 | D:1      | prawnwizard the Octopode Transmuter began the quest for the Orb.
     0 | D:1      | Reached XP level 1. HP: 13/13 MP: 3/3
   130 | D:1      | Reached XP level 2. HP: 12/18 MP: 5/5
   510 | D:2      | Reached XP level 3. HP: 17/23 MP: 6/6
   679 | D:2      | Noticed Sigmund
   685 | D:2      | Learned a level 2 spell: Sticks to Snakes
   689 | D:2      | Learned a level 3 spell: Spider Form
   740 | D:2      | Killed Sigmund
   740 | D:2      | Reached skill level 4 in Unarmed Combat
   740 | D:2      | Reached XP level 4. HP: 8/28 MP: 2/8
   740 | D:2      | Reached XP level 5. HP: 10/33 MP: 2/9
  1423 | D:2      | Found a sacrificial altar of Ru.
  1427 | D:2      | Reached XP level 6. HP: 34/38 MP: 10/10
  2153 | D:3      | Learned a level 4 spell: Ice Form
  2209 | D:4      | Reached skill level 5 in Unarmed Combat
  2239 | D:4      | Found a staircase to the Ecumenical Temple.
  2255 | D:4      | Slain by an ooze

Skill      XL: |  1  2  3  4  5  6 |
---------------+-------------------+-----
Dodging        | 3 |  3.4
Unarmed Combat | 4 5 |  5.0
Transmutations | 3 |  3.4
Spellcasting   | 3 |  3.2
Fighting       | |  1.0

Action                   |  1- 3 |  4- 6 || total
-------------------------+-------+-------++-------
Melee: Unarmed           |    63 |    99 ||   162
       Constrict         |    16 |    23 ||    39
       Tentacles         |    14 |    14 ||    28
       Punch             |     1 |     3 ||     4
 Cast: Spider Form       |     1 |       ||     1
 Stab: Sleeping          |     2 |     8 ||    10
       Paralysed         |       |     2 ||     2
  Eat: Chunk             |       |     5 ||     5
Armor: Skin              |     7 |     3 ||    10
Dodge: Dodged            |    45 |    59 ||   104
